 Dungeon Crawl Stone Soup version 0.17-a0-2006-g94b6906 (webtiles) character file.

57 Geeful the Gusty (level 4, 0/24 HPs)
             Began as a Tengu Air Elementalist on Oct 8, 2015.
             Slain by an orc
             ... wielding a +0 hand axe
              (7 damage)
             ... on level 4 of the Dungeon.
             The game lasted 00:06:09 (2063 turns).

Geeful the Gusty (Tengu Air Elementalist)           Turns: 2063, Time: 00:06:09

Health: 0/24       AC:  2    Str:  8    XL:     4   Next: 0%
Magic:  9/9        EV: 12    Int: 16    God:
Gold:   42         SH:  0    Dex: 15    Spells: 1 memorised, 7 levels left

rFire  + . .     SeeInvis .     g - +2 whip (venom)
rCold  . . .     Clarity  .     a - +0 robe
rNeg   + . .     SustAt   .     (no shield)
rPois  .         Gourm    .     (helmet restricted)
rElec  .         Spirit   .     (no cloak)
rCorr  .         Warding  .     (no gloves)
rMut   .         Stasis   .     (boots unavailable)
MR     .....                    (no amulet)
Stlth  ++........               r - ring of positive energy
                                f - ring of protection from fire

@: about to teleport, not resistant to hostile enchantments, unstealthy
A: beak, talons 3
a: no special abilities


You were on level 4 of the Dungeon.
You were hungry.

You visited 1 branch of the dungeon, and saw 3 of its levels.

You collected 42 gold pieces.

Inventory:

Hand Weapons
 d - a +0 dagger
 e - a +0 short sword
 g - a +2 whip of venom (weapon)
Missiles
 s - 8 poisoned needles
Armour
 a - a +0 robe (worn)
Jewellery
 f - a ring of protection from fire (left hand)
 o - an uncursed ring of invisibility
 r - a ring of positive energy (right hand)
Scrolls
 i - 5 scrolls of remove curse
 k - 2 scrolls of random uselessness {unknown}
 l - 3 scrolls of identify
 m - 2 scrolls of teleportation
 n - a scroll of enchant armour {unknown}
 p - a scroll of blinking {unknown}
 q - a scroll of recharging {unknown}
 t - a scroll of immolation {unknown}
 v - a scroll of fog {unknown}
Potions
 h - a potion of might {unknown}
 w - a potion of poison {unknown}
 x - a potion of invisibility {unknown}
Books
 b - a book of Air

   Spells                             Type                      Level
   a - Shock                          Conjuration/Air              1
   b - Swiftness                      Charms/Air                   2
   c - Repel Missiles                 Charms/Air                   2
   d - Static Discharge               Conjuration/Air              3
   e - Lightning Bolt                 Conjuration/Air              5
Comestibles
 c - 3 bread rations
 j - 2 fruits
 u - a beef jerky


   Skills:
 - Level 2.1 Dodging
 - Level 2.0 Stealth
 + Level 2.7 Spellcasting
 + Level 2.9 Conjurations
 + Level 4.9 Air Magic


You had 7 spell levels left.
You knew the following spells:

 Your Spells              Type           Power        Failure   Level  Hunger
a - Shock                 Conj/Air       ##..         4%          1    #......


Dungeon Overview and Level Annotations

Branches:
Dungeon (4/15)
 Temple: D:4-7

Altars:


Innate Abilities, Weirdness & Mutations

You have a beak for a mouth.
You have claws for feet.


Message History

The orc shouts!
The orc priest moves out of view.
The orc priest shouts!
You hear a shout!
You hear a shout!
You hear a shout!
The orc priest invokes the aid of Beogh against you.
Pain shoots through your body!
Ouch! That really hurt!
* * * LOW HITPOINT WARNING * * *
You see here an emerald potion.
x - an emerald potion Read which item? (? for menu, Esc to quit)
As you read the scroll labeled RARPHI WIOSU, it crumbles to dust.
It is a scroll of identify.
Identify which item? (\ to view known items) (? for menu, Esc to quit)
i - 5 scrolls of remove curse An orc priest comes into view.
It is wielding a whip.
Read which item? (? for menu, Esc to quit)
As you read the scroll labeled LAVVECZAIDI, it crumbles to dust.
You feel strangely unstable.
It was a scroll of teleportation.
The orc hits you with a hand axe!
You die...

### ..# #.# #.# #
#.# #.####.#
####.#...@#
.........o#
#####.#...o#
#........#o# #####
#.###.##.#o..
....###.###†##.#####
###>##.........#
#.##..###.##.#
#.........##.#


You could see 2 orc priests and 2 orcs.

Vanquished Creatures
  2 oozes
  A giant gecko (D:1)
  An orc (D:4)
  7 bats
  6 giant cockroaches
  7 hobgoblins (D:1)
  2 giant newts (D:1)
  5 goblins (D:1)
  3 jackals (D:1)
  6 kobolds
  2 rats
42 creatures vanquished.

Notes
Turn   | Place    | Note
--------------------------------------------------------------
     0 | D:1      | Geeful the Tengu Air Elementalist began the quest for the Orb.
     0 | D:1      | Reached XP level 1. HP: 10/10 MP: 4/4
   253 | D:1      | Reached XP level 2. HP: 13/15 MP: 3/6
   866 | D:1      | Reached XP level 3. HP: 10/19 MP: 7/7
  1872 | D:2      | You fall through a shaft for 2 floors!
  2053 | D:4      | Reached XP level 4. HP: 18/24 MP: 9/9
  2063 | D:4      | Slain by an orc

Vault maps used:
D:1:      evilmike_arrival_fibonacci_small, serial_bayou_ford_a, st_stairs_7,
          minmay_close_crescents
D:4:      kennysheep_mini_moat, tgw_trog

Action                   |  1- 3 |  4- 6 || total
-------------------------+-------+-------++-------
Melee: Dagger            |     4 |       ||     4
       Short sword       |     8 |       ||     8
       Whip              |    55 |       ||    55
 Cast: Shock             |    32 |       ||    32
  Use: Scroll            |       |     2 ||     2
 Stab: Distracted        |     1 |       ||     1
       Sleeping          |     5 |       ||     5
  Eat: Chunk             |     3 |       ||     3
